 Dungeon Crawl Stone Soup version 0.19.4 (webtiles) character file.

245 Naow the Magician (level 5, -1/28 HPs)
             Began as a Deep Elf Fire Elementalist on Feb 5, 2017.
             Killed from afar by an orc wizard (8 damage)
             ... with a puff of flame
             ... on level 4 of the Dungeon.
             The game lasted 00:05:21 (3795 turns).

Naow the Magician (Deep Elf Fire Elementalist)      Turns: 3795, Time: 00:05:21

Health: -1/28      AC:  3    Str:  5    XL:     5   Next: 83%
Magic:  0/15       EV: 18    Int: 21    God:
Gold:   149        SH:  0    Dex: 20    Spells: 4 memorised, 5 levels left

rFire  . . .     SeeInvis .     (no weapon)
rCold  . . .     Gourm    .     a - +0 robe
rNeg   . . .     Faith    .     (no shield)
rPois  .         Spirit   .     (no helmet)
rElec  .         Reflect  .     (no cloak)
rCorr  .         Harm     .     (no gloves)
MR     .....                    d - +0 pair of boots
Stlth  +++.......               (no amulet)
                                u - ring of wizardry
                                g - ring of wizardry

@: agile
A: no striking features
a: no special abilities


You were on level 4 of the Dungeon.
You were very hungry.

You visited 1 branch of the dungeon, and saw 4 of its levels.

You collected 149 gold pieces.

Inventory:

Armour
 a - a +0 robe (worn)
 d - a +0 pair of boots (worn)
 n - a +2 ring mail of cold resistance
 v - a cursed +0 robe
Jewellery
 g - a ring of wizardry (left hand)
 u - a ring of wizardry (right hand)
 y - a cursed ring of loudness {unknown}
Wands
 j - a wand of flame (17/48)
 k - a wand of paralysis (14/24)
Scrolls
 e - 2 scrolls of enchant weapon {unknown}
 f - a scroll of teleportation {unknown}
 i - 4 scrolls of identify {unknown}
 l - 2 scrolls of recharging {unknown}
 m - a scroll of blinking {unknown}
 p - a scroll of fear {unknown}
 q - 2 scrolls of amnesia {unknown}
 s - a scroll of enchant armour {unknown}
 t - 2 scrolls of noise {unknown}
 x - a scroll of random uselessness {unknown}
Potions
 o - a potion of flight {unknown}
 r - a potion of agility
 z - a potion of invisibility {unknown}
Books
 b - a book of Flames

   Spells                             Type                      Level
   a - Flame Tongue                   Conjuration/Fire             1
   b - Throw Flame                    Conjuration/Fire             2
   c - Conjure Flame                  Conjuration/Fire             3
   d - Inner Flame                    Hexes/Fire                   3
   e - Sticky Flame                   Conjuration/Fire             4
   f - Fireball                       Conjuration/Fire             5
Comestibles
 c - 4 bread rations
 h - 3 meat rations


   Skills:
 - Level 2.4 Dodging
 - Level 2.4 Stealth
 + Level 5.6 Spellcasting
 + Level 3.5 Conjurations
 + Level 4.9 Fire Magic


You had 5 spell levels left.
You knew the following spells:

 Your Spells              Type           Power        Failure   Level  Hunger
a - Flame Tongue          Conj/Fire      ###..        1%          1    None
b - Throw Flame           Conj/Fire      ###...       1%          2    None
c - Conjure Flame         Conj/Fire      ###.....     1%          3    ##.....
d - Sticky Flame          Conj/Fire      ###.....     5%          4    ####...


Dungeon Overview and Level Annotations

Branches:
Dungeon (4/15)
 Temple: D:4-7

Altars:
Ashenzari
Nemelex Xobeh


Message History

The puff of frost hits you!
The orc wizard points at you and mumbles some strange words.
The puff of frost hits you!
* * * LOW HITPOINT WARNING * * *
There is a stone staircase leading up here.
Casting: Flame Tongue
Confirm with . or Enter, or press ? or * to list all spells.
Aiming: Sticky Flame
Press: ? - help, Shift-Dir - straight line, f/p - orc wizard
Aim: an orc wizard, wielding a dagger and wearing a robe (fast)
The sticky flame hits the orc wizard.
The orc wizard appears unharmed.
The orc wizard is covered in liquid flames!
The orc wizard burns!
The orc wizard completely misses you. The orc wizard closely misses you.
You hit the orc wizard.
The orc wizard is heavily wounded.
The orc wizard burns!
The orc wizard points at you and mumbles some strange words.
The puff of flame hits you!
You die...

#.##.# #..##...###
#.##.# #..#>....##
#.##(# #.........#
#.##.# ####......#
#.##.######.#...#.#
#.......###.##.#
########.#.###.#
######...###.#
#@o..........#
#.####...##### #.#
##.## #.# #.# #.#
#.# ##[## #.# ##
##...####.# ..
#.........# #.
#....######


You could see an orc wizard (burning).

Vanquished Creatures
  A centaur (D:4)
  Jessica (D:2)
  An orc wizard (D:4)
  2 adders
  6 oozes
  2 worms
  3 orcs
  4 giant cockroaches (D:1)
  6 goblins
  4 hobgoblins
  8 jackals
  7 kobolds
  A quokka (D:4)
  2 ball pythons
  8 bats
  2 frilled lizards (D:2)
  9 rats
67 creatures vanquished.

Notes
Turn   | Place    | Note
-------+----------+-------------------------------------------
     0 | D:1      | Naow the Deep Elf Fire Elementalist began the quest for the Orb.
     0 | D:1      | Reached XP level 1. HP: 10/10 MP: 6/6
     1 | D:1      | Found a runed door.
    41 | D:1      | Noticed a jelly
   221 | D:1      | Reached XP level 2. HP: 15/15 MP: 6/8
   468 | D:1      | Found a shattered altar of Ashenzari.
   838 | D:1      | Learned a level 2 spell: Throw Flame
   917 | D:2      | Noticed Jessica
  1188 | D:1      | Reached XP level 3. HP: 18/19 MP: 0/10
  1319 | D:1      | Reached skill level 4 in Spellcasting
  1465 | D:2      | Killed Jessica
  1465 | D:2      | Reached XP level 4. HP: 7/24 MP: 3/12
  1759 | D:2      | Learned a level 3 spell: Conjure Flame
  1764 | D:2      | Learned a level 4 spell: Sticky Flame
  1884 | D:2      | Found a sparkling altar of Nemelex Xobeh.
  3359 | D:4      | Reached skill level 5 in Spellcasting
  3359 | D:4      | Reached XP level 5. HP: 17/28 MP: 7/14
  3751 | D:4      | Noticed a centaur
  3756 | D:4      | Killed a centaur
  3795 | D:4      | Killed from afar by an orc wizard

Skill      XL: |  1  2  3  4  5 |
---------------+----------------+-----
Spellcasting   | 4 5 |  5.6
Conjurations   | 2 3 |  3.5
Fire Magic     | 4 |  4.9
Dodging        | |  2.4
Stealth        | |  2.4

Action                   |  1- 3 |  4- 6 || total
-------------------------+-------+-------++-------
Melee: Unarmed           |     1 |     8 ||     9
 Cast: Flame Tongue      |    56 |    64 ||   120
       Throw Flame       |     1 |     1 ||     2
       Sticky Flame      |       |     3 ||     3
  Use: Potion            |       |     2 ||     2
  Eat: Chunk             |     2 |     4 ||     6
       Beef jerky        |       |     1 ||     1
Armor: Robe              |     5 |     7 ||    12
Dodge: Dodged            |    15 |    28 ||    43
